AoeStats
← EMPEROR98265292

Black Forest

508002288Analyzed
3v3 RM · 13d ago on Sep 20, 2026· 56m 34s· 6 players
Game mode
Random Map
Map size
Normal (6 player)
Population
200
Speed
Normal
Resources
Standard
Victory
Conquest
Starting age
Dark Age
Ending age
Imperial Age
RankedLock teamsTeams togetherTeam positionsShared explorationLock speedFull tech treeHidden civsTurbo modeCheats
Victory
Defeat
🇳🇴 Japanese · Norway
1427
+20
🇬🇧 Spanish · United Kingdom
1380
+22
🇺🇸 Mongols · United States
1333
+23
🇮🇳 Mongols · India
1564
-23
🇮🇳 Jurchens · India
1532
-23
🇮🇳 Spanish · India
1443
-19
Sasha The Bunny
3:54 Loom
9:59 Feudal Age
11:46 Town Watch
11:56 Double-Bit Axe
17:15 Castle Age
15:03 Horse Collar
15:42 Fishing Lines
19:26 Wheelbarrow
19:05 Bow Saw
21:29 Heavy Plow
26:04 Hand Cart
25:53 Pikeman
26:33 Squires
27:14 Stone Mining
27:14 Gold Mining
27:48 Scale Mail Armor
28:24 Forging
29:10 Masonry
28:51 Guard Tower
29:40 Fortified Wall
30:26 Caravan
30:32 Treadmill Crane
35:18 Imperial Age
34:05 Gold Shaft Mining
33:29 Fletching
34:05 Arson
34:49 Chain Mail Armor
34:56 Town Patrol
35:29 Ballistics
36:14 Coinage
37:09 Keep
37:24 Plate Mail Armor
37:30 Iron Casting
37:19 Bodkin Arrow
37:27 Yasama
37:34 Arrowslits
37:40 Halberdier
40:00 Kataparuto
40:01 Conscription
41:08 Blast Furnace
40:46 Banking
41:18 Chemistry
40:43 Bracer
41:56 Siege Engineers
42:06 Capped Ram
44:52 Onager
The Gravekeeper
1:10 Loom
12:09 Feudal Age
16:02 Castle Age
13:58 Double-Bit Axe
16:14 Padded Archer Armor
18:58 Horse Collar
27:12 Leather Archer Armor
28:09 Wheelbarrow
31:30 Imperial Age
30:21 Fletching
31:46 Bloodlines
31:36 Husbandry
33:13 Conscription
34:34 Elite Conquistador
34:54 Light Cavalry
38:43 Scale Barding Armor
38:43 Town Watch
39:51 Hussar
45:36 Chain Barding Armor
45:35 Forging
48:53 Plate Barding Armor
49:06 Iron Casting
48:29 Gold Mining
51:49 Blast Furnace
52:07 Hand Cart
51:57 Cavalier
56:14 Caravan
[Kpell] AdrianLeverkuhn
10:31 Feudal Age
14:34 Castle Age
12:53 Double-Bit Axe
16:19 Wheelbarrow
15:52 Loom
16:19 Bow Saw
16:51 Wheelbarrow
16:51 Fishing Lines
17:16 Loom
21:05 Horse Collar
27:47 Imperial Age
26:05 Gillnets
26:55 Hand Cart
27:27 Bloodlines
27:18 Husbandry
27:24 Scale Barding Armor
27:30 Forging
28:09 Heavy Plow
28:10 Onager
28:59 Elite Steppe Lancer
29:36 Town Watch
32:08 Iron Casting
33:06 Chain Barding Armor
34:38 Caravan
35:59 Blast Furnace
34:24 Capped Ram
36:52 Chemistry
37:21 Town Patrol
36:53 Siege Ram
38:40 Drill
39:24 Siege Onager
40:24 Siege Engineers
40:40 Ballistics
40:07 Heavy Scorpion
40:47 Light Cavalry
44:35 Hussar
46:22 Heavy Camel Rider
55:40 Hoardings
55:46 Conscription
EMPEROR98265292
6:33 Loom
12:13 Feudal Age
16:25 Castle Age
14:29 Double-Bit Axe
19:12 Bow Saw
25:29 Fishing Lines
32:02 Imperial Age
29:56 Horse Collar
31:14 Masonry
31:06 Fortified Bastions
31:13 Scale Barding Armor
31:18 Forging
32:22 Chain Barding Armor
32:14 Bloodlines
32:04 Husbandry
33:04 Elite Iron Pagoda
34:38 Fletching
35:59 Ballistics
37:41 Gillnets
39:06 Plate Barding Armor
40:15 Wheelbarrow
40:19 Iron Casting
39:53 Bodkin Arrow
41:35 Hand Cart
43:43 Blast Furnace
43:04 Padded Archer Armor
43:45 Conscription
45:43 Caravan
51:06 Architecture
51:15 Hoardings
AP
0:40 Loom
11:43 Feudal Age
17:47 Castle Age
15:55 Double-Bit Axe
17:18 Wheelbarrow
17:27 Town Watch
18:18 Wheelbarrow
24:12 Bow Saw
24:08 Horse Collar
26:33 Gold Mining
27:31 Heavy Plow
32:20 Imperial Age
29:55 Fletching
30:06 Padded Archer Armor
31:10 Scale Barding Armor
31:16 Forging
31:25 Bloodlines
31:25 Husbandry
31:54 Bodkin Arrow
32:22 Chain Barding Armor
32:18 Masonry
32:36 Elite Conquistador
33:22 Cavalier
34:38 Plate Barding Armor
36:02 Hoardings
36:33 Hand Cart
37:17 Conscription
37:35 Iron Casting
37:16 Leather Archer Armor
37:56 Bodkin Arrow
39:57 Ring Archer Armor
40:28 Blast Furnace
42:48 Bracer
42:49 Scale Mail Armor
43:08 Inquisition
42:35 Paladin
43:30 Light Cavalry
47:56 Hussar
51:08 Architecture
51:01 Ballistics
51:42 Chemistry
54:20 Chain Mail Armor
ntn88
3:44 Loom
10:24 Feudal Age
14:30 Castle Age
12:17 Double-Bit Axe
19:43 Fishing Lines
24:23 Bow Saw
29:30 Imperial Age
27:13 Gillnets
27:35 Fletching
28:19 Gold Mining
28:57 Fortified Wall
29:02 Bodkin Arrow
29:10 Padded Archer Armor
30:21 Bracer
30:48 Conscription
31:25 Conscription
32:51 Leather Archer Armor
33:58 Chemistry
35:21 Bloodlines
35:11 Husbandry
37:26 Thumb Ring
36:43 Elite Mangudai
38:20 Thumb Ring
40:34 Parthian Tactics
42:20 Ballistics
48:58 Masonry
52:15 Capped Ram
Connection lost

Rejoining the realm…

Still unreachable

The connection could not be restored.

Session expired

The server has moved on; the page needs a fresh start.